[Event "SixDays Budapest IM-A January 2024"]
[Site "Budapest"]
[Date "2024.01.31"]
[Round "7.2"]
[White "Vetokhina, Sofia"]
[Black "Orso, Miklos"]
[Result "1-0"]
[ECO "E38"]
[WhiteElo "2020"]
[BlackElo "2172"]
[Annotator "TA"]
[PlyCount "89"]
[EventDate "2024.01.26"]
[EventType "tourn"]
[EventCountry "HUN"]
[SourceTitle "playchess.com"]
[Source "ChessBase"]
[SourceQuality "1"]
[TimeControl "5400+30"]

1. d4 Nf6 2. c4 e6 3. Nc3 Bb4 4. Qc2 c5 5. dxc5 Na6 6. a3 Bxc3+ 7. Qxc3 Nxc5 8. f3 d5 9. cxd5 b6 10. b4 Na4 11. Qb3 b5 12. e4 a6 13. Bf4 (13. Be3 $11) 13... exd5 (13... Nxe4 $5 14. Be5 (14. fxe4 Qf6 $17) 14... Nf6 $15 (14... Qxd5 $2 15. Qxd5 exd5 16. fxe4 $18)) 14. e5 O-O 15. Bd3 (15. Ne2 $11 Nh5 16. Be3) 15... Re8 ({Better is} 15... Nh5 $17 16. Bg3 g6) 16. Ne2 $15 Nh5 17. Bg3 (17. O-O $15) 17... Bb7 (17... Nxg3 $17 18. hxg3 g6 (18... Rxe5 19. Bxh7+ Kf8 20. Rc1 $11)) 18. f4 (18. Bf2 $11) 18... d4 $15 19. O-O Bd5 (19... Rc8 $1 $15) 20. Qc2 $11 Rc8 21. Bxh7+ (21. Qd2 {simplifies} Bb7 22. Rf2 Kh8 23. Bf5) 21... Kf8 (21... Kh8 $11 22. Qb1 Nxg3 23. hxg3 Qb6) 22. Qf5 (22. Qd2 $14) 22... Nxg3 $17 23. Nxg3 Be6 $2 (23... Qh4 $1 $15 {stays ahead.}) 24. Qh5 $18 d3 $2 (24... Bc4 25. Be4 g6 26. Qh6+ Ke7) 25. f5 $18 Qd4+ 26. Kh1 Bb3 27. f6 Qxe5 28. fxg7+ (28. Bxd3 Qxh5 29. fxg7+ Kxg7 30. Nxh5+ Kf8 $16) (28. Qxe5 Rxe5 29. fxg7+ (29. Bxd3 g6 $11) 29... Kxg7 30. Bxd3 Rc3 $16) (28. Qg4 $142 g6 29. Qh4) 28... Qxg7 $18 29. Bxd3 Rc6 30. Nf5 Qg6 (30... Qf6 $142 31. Qh7 Ree6) 31. Qh8+ $18 Qg8 32. Qd4 Qg5 33. h4 (33. Rab1 $142) 33... Qf6 $18 {[%emt 0:00:48] [#]} 34. Qg4 $1 Be6 35. Qh5 (35. Rae1 $18) 35... Bxf5 $16 36. Bxf5 Rc4 $2 (36... Qh6 $16 {was necessary.} 37. Bg4 Qxh5 38. Bxh5 Re7) 37. Bg4 $2 (37. Be4 $18 {is more deadly.} Re5 38. Qh7 (38. Rxf6 Rxh5 39. Bf3 Rcxh4+ 40. Kg1 Rh1+ 41. Kf2 Rh6 $11) 38... Rexe4 (38... Qg7 $2 39. Rxf7+ Qxf7 40. Qh8+ Ke7 41. Qxe5+ Qe6 42. Qg7+ Qf7 43. Qxf7+ Kxf7 44. Bd5+ Kg7 45. Bxc4 $18) 39. Rxf6 Rxh4+ 40. Qxh4 Rxh4+ 41. Kg1) 37... Qg7 $16 38. Bh3 (38. Be2 $16 Rc7 (38... Re5 $2 39. Rxf7+ Qxf7 40. Qh8+ Ke7 41. Qxe5+ Qe6 42. Qg5+ Qf6 43. Bxc4 $18) 39. Rac1) 38... Ree4 $2 (38... Nc3 $14) 39. Qd5 $2 (39. Rad1 $18 {[%cal Of1f7] Threatening mate with Rxf7+!} Rc7 40. Rd8+ Re8 41. Rxe8+ Kxe8 42. Qd5) 39... Qg6 $2 (39... Nc3 $16 40. Qd6+ Re7) 40. Qd8+ $2 (40. h5 $18 {is the precise move to win.} Rcd4 41. Qxd4 (41. hxg6 Rxd5 42. Rxf7+ Kg8 $18) (41. Qa8+ Re8 $18) 41... Qxg2+ 42. Kxg2 Rxd4 43. Rac1) 40... Kg7 $2 (40... Re8 $16 41. Qf6 Qxf6 42. Rxf6 Rxh4) 41. h5 $18 Qh6 42. Rf3 Re3 43. Raf1 (43. Rxf7+ $142 Kxf7 44. Rf1+ Rf4 45. Qc7+ Kg8 46. Rxf4 (46. Qxf4 Qxf4 47. Rxf4 Nc3 $18) 46... Re1+ 47. Kh2 Qxh5 48. Qd8+ Kh7 49. Qd7+ (49. Rh4 Re5 $18) 49... Kg8 50. Qd8+ Kh7 51. Qf8 (51. Rh4 Re5 52. Rxh5+ Rxh5 53. g4 Rxh3+ 54. Kxh3 Nc3 55. Qd3+ Kg8 56. Qxc3 Kf7)) 43... Rxf3 $18 44. Rxf3 ({Weaker is} 44. gxf3 Rc1 $16) 44... Rc3 45. Qd4+ 1-0

[Event "SixDays Budapest IM-A January 2024"]
[Site "Budapest"]
[Date "2024.01.31"]
[Round "7.3"]
[White "Polyik, Peter"]
[Black "Cieslak, Patryk"]
[Result "0-1"]
[ECO "C11"]
[WhiteElo "2289"]
[BlackElo "2284"]
[Annotator "TA"]
[PlyCount "54"]
[EventDate "2024.01.26"]
[EventType "tourn"]
[EventCountry "HUN"]
[SourceTitle "playchess.com"]
[Source "ChessBase"]
[SourceQuality "1"]
[TimeControl "5400+30"]

1. e4 e6 2. d4 d5 3. Nc3 Nf6 4. e5 Nfd7 5. f4 c5 6. Nf3 Nc6 7. Be3 cxd4 8. Nxd4 Qb6 9. Qd2 Qxb2 10. Rb1 Qa3 11. Bb5 Nxd4 12. Bxd4 a6 13. Bxd7+ Bxd7 {[%emt 0:00:02] The position is equal.} 14. Rb3 Qe7 (14... Qa5 $2 15. Bb6 $18 (15. Rxb7 Bb4 $17) (15. Rxb7 Bb4 $17)) 15. Rxb7 Rc8 16. O-O Qd8 17. Rfb1 Rc4 (17... Bc5 $1 $11) 18. R1b3 (18. Qd3 $14) 18... Be7 {[%emt 0:06:41][%cal Bf8e7,Be7g5,Bg5f4][%mdl 32] [#]} 19. f5 $1 Bg5 (19... Bc8 20. Rb8) 20. Qd3 O-O {[%emt 0:04:21] [#]} 21. f6 gxf6 (21... Qc8 22. fxg7) 22. exf6 {[%emt 0:00:19][%cal Od3g3] aiming for Qg3!} Kh8 {[%emt 0:02:49][%cal Og5f4] [#]} 23. Ne4 $1 Bf4 {[%emt 0:06:17][%cal Od7a4] Strongly threatening ...Ba4!} 24. Nd2 e5 {[%emt 0:14:35] [#]} 25. Bxe5 $2 (25. Nxc4 $2 dxc4 26. Qxc4 Be6 $19 (26... exd4 $2 27. Qxd4 Bb5 28. Qxd8 $17)) (25. Bb6 $1 $16 {[%cal Rb6d8] is necessary to keep the advantage.} Qc8 26. Nxc4 (26. Qxd5 $2 Be6 $19) (26. Rxd7 Bxd2 27. Qxd5 Rxc2 $15) 26... dxc4 (26... Qxb7 $2 27. Bc5 $18) 27. Qxd7 Qxd7 28. Rxd7 cxb3 29. axb3 (29. cxb3 h6 $18)) 25... Bxe5 $17 {[%emt 0:02:28] This pair of bishops is nice.} 26. Qxd5 (26. Rxd7 $17 {was worth a try.} Bd4+ (26... Qxd7 27. Nxc4 Bxf6 28. Ne3 $11) 27. Qxd4 Rxd4 28. Rxd8 Rxd8 29. Nf3) 26... Bd4+ $19 ({Stronger than} 26... Rxc2 27. Rxd7 Qxf6 28. Rf3 Qb6+ 29. Kh1 $11) 27. Kh1 $2 (27. Kf1 Qxf6+ (27... Rxc2 28. Rxd7 Qxf6+ 29. Rf3 $11) 28. Rf3) 27... Rxc2 {[%emt 0:00:15] Weighted Error Value: White=0.65/Black=0.22 (precise) .  Loses game:     	White=1     	---        Mistake:       	White=3     	Black=2      Inaccurate:     	White=2     	---        OK:         	White=4     	Black=6      Best:        	White=1     	Black=1      Brilliant:      	White=1     	---} 0-1

[Event "SixDays Budapest IM-A January 2024"]
[Site "Budapest"]
[Date "2024.01.31"]
[Round "7.4"]
[White "Lim, Zhuo Ren"]
[Black "Urhegyi, Marton"]
[Result "0-1"]
[ECO "A37"]
[WhiteElo "2218"]
[BlackElo "2255"]
[Annotator "TA"]
[PlyCount "62"]
[EventDate "2024.01.26"]
[EventType "tourn"]
[EventCountry "HUN"]
[SourceTitle "playchess.com"]
[Source "ChessBase"]
[SourceQuality "1"]
[TimeControl "5400+30"]

1. Nf3 c5 2. g3 Nc6 3. Bg2 g6 4. c4 Bg7 5. Nc3 e5 6. a3 Nge7 7. O-O O-O 8. Ne1 d6 9. Nc2 Be6 10. Ne3 Qd7 11. Rb1 Bh3 12. d3 Bxg2 13. Kxg2 f5 {[%emt 0:01:31][%cal Bf7f5,Bf5f4][%mdl 32] The position is equal.} 14. f3 f4 15. Ned5 Nxd5 16. Nxd5 g5 (16... Ne7 {simplifies} 17. Nxe7+ Qxe7 18. e3 fxe3 19. Bxe3 b6) 17. g4 h5 18. h3 Kf7 19. b4 ({Of course not} 19. gxh5 Rh8 20. Nc3 Rxh5 $17) 19... Rh8 20. bxc5 dxc5 21. Nc3 b6 22. Ne4 Bf6 23. Qa4 Rh6 (23... Be7 $11) 24. Rxb6 $16 Be7 25. Ra6 (25. Nf2 $1 $14) 25... hxg4 $1 $15 26. hxg4 {[%emt 0:02:04][%mdl 8192] White does not recover from this.} (26. Nf2 $15 gxh3+ 27. Kh2) 26... Rah8 $19 27. Kf2 {[%emt 0:08:42] [#]} Qd4+ $1 28. Ke1 {[%emt 0:00:05] [#]} Rh1 $1 29. Nf2 (29. Ng3 fxg3) 29... Qc3+ {[%emt 0:01:03] White is weak on the dark squares} (29... Rxf1+ $142 30. Kxf1 Rh2 31. e3 fxe3 32. Bxe3 Qxe3 33. Qc2 Nd4 (33... Qxf3 {is a self mate.} 34. Ke1 Nd4 35. Qb2 Qg2 36. Qe2 Nxe2 37. Kd2 Qxf2 38. Rf6+ Bxf6 39. a4 Ng3+ 40. Kd1 Rh1#) 34. Qb2 Nxf3 35. Rf6+ Bxf6 (35... Kxf6 {leads to mate.} 36. Ne4+ Kg6 37. Qxh2 Nxh2+ 38. Kg2 Qe2+ 39. Nf2 Nxg4 40. Kg3 Qxf2+ 41. Kxg4 Qg2#) 36. Qb7+ Be7 (36... Kg6 $2 37. Qe4+ Qxe4 38. Nxe4 $19) 37. Qd5+ Kg7 38. Qxf3 Qxf3 39. Ke1 Qxf2+ 40. Kd1 Rh1#) 30. Bd2 Qa1+ 31. Qd1 Rxf1+ {[%emt 0:00:11][%mdl 32768] Weighted Error Value: White=0.72/Black=0.23 (precise) .  Loses game:     	White=1     	---        Mistake:       	White=1     	Black=1      Inaccurate:     	White=2     	Black=1      OK:         	White=7     	Black=5      Best:        	White=1     	Black=2      Strong:       	---       	Black=1     . Loss on time!?} 0-1

[Event "SixDays Budapest IM-A January 2024"]
[Site "Budapest"]
[Date "2024.01.31"]
[Round "7.5"]
[White "Szalay-Ocsak, Bank"]
[Black "Hacker, Jonas"]
[Result "1/2-1/2"]
[ECO "B85"]
[WhiteElo "2165"]
[BlackElo "2420"]
[Annotator "TA"]
[PlyCount "45"]
[EventDate "2024.01.26"]
[EventType "tourn"]
[EventCountry "HUN"]
[SourceTitle "playchess.com"]
[Source "ChessBase"]
[SourceQuality "1"]
[TimeControl "5400+30"]

1. e4 c5 2. Nf3 e6 3. d4 cxd4 4. Nxd4 Nc6 5. Nc3 a6 6. Be2 Qc7 7. Be3 Nf6 8. O-O Be7 9. f4 d6 10. Qe1 O-O 11. Kh1 Nxd4 12. Bxd4 b5 13. e5 dxe5 14. fxe5 Nd7 15. Ne4 {[%emt 0:07:33][%cal Oe4f6] [#] Wards off Bc5. And now Nf6+! would win.} Bb7 (15... Nxe5 $2 16. Qg3 $18) 16. Nf6+ Nxf6 {[%emt 0:16:17] Black is slightly better.} (16... gxf6 $2 17. Qg3+ Kh8 18. exf6 Qxg3 19. fxe7+ $18) 17. exf6 Bxf6 18. Rxf6 gxf6 (18... Rad8 $5 19. Qh4 Rxd4 (19... gxf6 20. Qg4+ Kh8 21. Bxf6#) 20. Qxd4 gxf6 21. Qxf6 Qxc2 $11) 19. Qh4 {[%emt 0:03:22] [#] Repels Qf4. White threatens Qg4+ and mate. The position is equal.} e5 $1 (19... Qxc2 $2 20. Qxf6 Bxg2+ 21. Kg1 $18) 20. Bd3 {[%emt 0:01:04][%csl Gd3][%cal Rh4h7] A strong pair of Bishops.} Rfd8 ({Inferior is} 20... exd4 21. Qxh7#) 21. Qh6 $1 {[%emt 0:01:05] Really sharp!} Rxd4 ({Stronger than} 21... exd4 22. Bxh7+ Kh8 23. Bf5+ Kg8 24. Re1 (24. Bh7+ Kh8 25. Bf5+ Kg8 26. Re1 Bxg2+ 27. Kg1 Qe5 28. Bh7+ Kh8 29. Bg6+ Kg8 30. Qh7+ Kf8 31. Qxf7#) 24... Bxg2+ 25. Kg1) 22. Bxh7+ Kh8 23. Bf5+ {An uneventful encounter.   Weighted Error Value: White=0.05 (flawless) /Black=0.05 (flawless) .  Inaccurate:     	---       	Black=1      OK:         	White=3     	Black=4      Best:        	White=1     	---        Strong:       	White=1     	Black=1} 1/2-1/2

[Event "SixDays Budapest IM-A January 2024"]
[Site "Budapest"]
[Date "2024.01.31"]
[Round "8.1"]
[White "Kuru, Atilla"]
[Black "Hacker, Jonas"]
[Result "0-1"]
[ECO "D04"]
[WhiteElo "2220"]
[BlackElo "2420"]
[Annotator "RC"]
[PlyCount "78"]
[EventDate "2024.01.26"]
[EventType "tourn"]
[EventCountry "HUN"]
[SourceTitle "playchess.com"]
[Source "ChessBase"]
[SourceQuality "1"]
[TimeControl "5400+30"]

1. d4 d5 2. Nf3 Nf6 3. e3 c5 4. Bd3 c4 5. Be2 b5 6. a4 b4 7. Ne5 a5 8. Nd2 Nbd7 9. f4 e6 10. O-O Bb7 11. g4 Bd6 12. Bf3 Qc7 13. c3 O-O 14. g5 Ne8 15. Bg2 f6 16. Nxd7 Qxd7 17. Qg4 f5 18. Qf3 Rc8 19. h4 b3 20. h5 Bc6 21. Nb1 Bxa4 22. Rf2 Bc7 23. Na3 Nd6 24. Kf1 Bc6 25. Ke1 Bd8 26. Kd1 Ne4 27. Qe2 Nd6 28. Qf3 Be7 29. Kd2 e5 30. dxe5 d4 31. Qe2 Ne4+ 32. Bxe4 dxe3+ 33. Kxe3 Bxe4 34. Qd2 Qc6 35. Qe2 Bd3 36. Qf3 Bc5+ 37. Kd2 Bxf2 38. Qxf2 Rfd8 39. Ke1 Qh1+ 0-1

[Event "SixDays Budapest IM-A January 2024"]
[Site "Budapest"]
[Date "2024.01.31"]
[Round "8.2"]
[White "Urhegyi, Marton"]
[Black "Szalay-Ocsak, Bank"]
[Result "0-1"]
[ECO "B53"]
[WhiteElo "2255"]
[BlackElo "2165"]
[Annotator "RC"]
[PlyCount "98"]
[EventDate "2024.01.26"]
[EventType "tourn"]
[EventCountry "HUN"]
[SourceTitle "playchess.com"]
[Source "ChessBase"]
[SourceQuality "1"]
[TimeControl "5400+30"]

1. e4 c5 2. Nf3 d6 3. d4 cxd4 4. Qxd4 Nc6 5. Qe3 g6 6. c4 Bg7 7. Be2 Nf6 8. Nc3 O-O 9. O-O Qa5 10. h3 h6 11. Nd5 Qc5 12. Qd3 Nxd5 13. exd5 Bf5 14. Qb3 Nd4 15. Nxd4 Qxd4 16. Rd1 Qe5 17. Bd3 Bxd3 18. Qxd3 a6 19. Rb1 Rfc8 20. Bd2 Qh5 21. Re1 Bf6 22. Re4 b5 23. g4 bxc4 24. Rxc4 Qh4 25. Re4 Bg7 26. Kg2 Rab8 27. b4 Rc7 28. a4 Rbc8 29. Qxa6 Rc2 30. Rd1 R8c3 31. Re3 Bd4 32. Rg3 Qf6 33. Qe2 Rc4 34. Rf3 Qh4 35. Qd3 h5 36. g5 Be5 37. a5 Ra2 38. b5 Rd4 39. Qe3 Rxd5 40. b6 Rb5 41. Kf1 Qc4+ 42. Qd3 Qa4 43. Be1 Rbb2 44. Rb1 Qc6 45. Rxb2 Rxb2 46. Qa3 Rb1 47. Qe3 Bd4 48. Qe2 Bc3 49. Rxc3 Qh1# 0-1

[Event "SixDays Budapest IM-A January 2024"]
[Site "Budapest"]
[Date "2024.01.31"]
[Round "8.3"]
[White "Cieslak, Patryk"]
[Black "Lim, Zhuo Ren"]
[Result "1/2-1/2"]
[ECO "B31"]
[WhiteElo "2284"]
[BlackElo "2218"]
[Annotator "ChessBase"]
[PlyCount "227"]
[EventDate "2024.01.26"]
[EventType "tourn"]
[EventCountry "HUN"]
[SourceTitle "playchess.com"]
[Source "ChessBase"]
[SourceQuality "1"]
[TimeControl "5400+30"]

1. e4 c5 2. Nf3 Nc6 3. Bb5 g6 4. Bxc6 dxc6 5. d3 Bg7 6. h3 Nf6 7. Nc3 Nd7 8. Be3 b6 9. Qd2 h6 10. O-O e5 11. Nh2 Nf8 12. f4 exf4 13. Bxf4 Ne6 14. Be3 Nd4 15. Rae1 Be6 16. e5 Nf5 17. Bf2 Qc7 18. Nf3 O-O-O 19. b3 Rhe8 20. Ne4 Bd5 21. g4 Bxe4 22. Rxe4 Nd4 23. Nxd4 cxd4 24. Bxd4 Bxe5 25. Bxe5 Rxe5 26. Rxf7 Qxf7 27. Rxe5 Qf6 28. Qe2 Kd7 29. d4 Rf8 30. d5 cxd5 31. Rxd5+ Kc8 32. Re5 h5 33. gxh5 gxh5 34. Re8+ Rxe8 35. Qxe8+ Kc7 36. Qxh5 Qd4+ 37. Kf1 Qf4+ 38. Ke1 Qc1+ 39. Qd1 Qe3+ 40. Qe2 Qxh3 41. Kd2 Qh8 42. Qc4+ Kb8 43. Qf4+ Kb7 44. Qf3+ Kb8 45. Qg3+ Kb7 46. Qf3+ Kb8 47. Qc3 Qh6+ 48. Kd1 Qh1+ 49. Kd2 Qh6+ 50. Qe3 Qh8 51. c3 Qh2+ 52. Qe2 Qg1 53. Kc2 Qg6+ 54. Kb2 Qc6 55. Qe5+ Kb7 56. Qe7+ Kb8 57. Qd8+ Kb7 58. Qd4 Kb8 59. Ka3 a5 60. Qe5+ Ka7 61. c4 Qd7 62. Qb5 Qd2 63. c5 bxc5 64. Qxc5+ Kb7 65. Qb5+ Kc7 66. Qe5+ Kb6 67. Qe6+ Kb5 68. Qe8+ Kb6 69. Qb8+ Kc6 70. Qa8+ Kb6 71. Qb8+ Kc6 72. Qe8+ Kb6 73. Qg6+ Kb5 74. Qf5+ Kb6 75. Qf6+ Kb5 76. Qf1+ Kb6 77. Qg1+ Kb5 78. Qf1+ Kb6 79. Qc4 Qd6+ 80. Kb2 Qd2+ 81. Qc2 Qd4+ 82. Qc3 Qf2+ 83. Kb1 Qf5+ 84. Kc1 Qf1+ 85. Kc2 Qf5+ 86. Qd3 Qf2+ 87. Qd2 Qf5+ 88. Kd1 Qg4+ 89. Kc1 Qg1+ 90. Kb2 Qc5 91. a3 Qe5+ 92. Ka2 Qc5 93. Qh2 Kb7 94. Qh7+ Kb6 95. Qg6+ Kb7 96. Qf7+ Kb6 97. Qf6+ Kb7 98. Kb2 Ka7 99. Qf7+ Kb6 100. Qe6+ Kb7 101. Qe4+ Kb6 102. Qe6+ Kb7 103. Qf7+ Kb6 104. Qf6+ Kb7 105. Qf4 Ka7 106. b4 axb4 107. axb4 Qd5 108. Qe3+ Ka6 109. Ka3 Qc4 110. Qh6+ Kb7 111. Qg7+ Qc7 112. Qg2+ Qc6 113. Qg7+ Ka6 114. b5+ 1/2-1/2

[Event "SixDays Budapest IM-A January 2024"]
[Site "Budapest"]
[Date "2024.01.31"]
[Round "8.4"]
[White "Orso, Miklos"]
[Black "Polyik, Peter"]
[Result "0-1"]
[ECO "B23"]
[WhiteElo "2172"]
[BlackElo "2289"]
[Annotator "ChessBase"]
[PlyCount "129"]
[EventDate "2024.01.26"]
[EventType "tourn"]
[EventCountry "HUN"]
[SourceTitle "playchess.com"]
[Source "ChessBase"]
[SourceQuality "1"]
[TimeControl "5400+30"]

1. e4 c5 2. Nc3 Nc6 3. f4 g6 4. Nf3 Bg7 5. Bc4 e6 6. f5 gxf5 7. d3 Nge7 8. O-O O-O 9. Bg5 f6 10. Be3 b6 11. a3 Kh8 12. Ba2 Qe8 13. Nh4 fxe4 14. dxe4 Ng6 15. Nxg6+ Qxg6 16. Rf3 Bh6 17. Bf2 Rg8 18. Rg3 Qf7 19. Rxg8+ Qxg8 20. Qf3 Qg6 21. Bh4 Bg5 22. Bg3 Ba6 23. Ne2 Rf8 24. c3 Qh6 25. Rf1 Bd2 26. c4 Be3+ 27. Kh1 Nd4 28. Bf4 Nxf3 29. Bxh6 Bxh6 30. gxf3 d5 31. Nc3 dxc4 32. Rd1 Rf7 33. a4 f5 34. exf5 Bb7 35. Rd8+ Kg7 36. Kg2 Rxf5 37. Rd7+ Rf7 38. Rxf7+ Kxf7 39. Bxc4 Kf6 40. Nb5 Bc6 41. Bd3 Bc1 42. b3 Bd5 43. Bc2 a5 44. Nd6 Ke5 45. Nc4+ Bxc4 46. bxc4 h6 47. Kf2 Kd4 48. Ke2 Kxc4 49. Bd3+ Kb3 50. Kd1 Bf4 51. Bc2+ Kb4 52. h3 b5 53. axb5 a4 54. Bb1 Kxb5 55. Ba2 c4 56. Kc2 Kb4 57. Bb1 a3 58. Ba2 Kc5 59. Kc3 Be5+ 60. Kd2 Kd4 61. Kc2 Bf4 62. Bb1 Ke3 63. Ba2 Kxf3 64. Bxc4 e5 65. Kd1 0-1

[Event "SixDays Budapest IM-A January 2024"]
[Site "Budapest"]
[Date "2024.01.31"]
[Round "8.5"]
[White "Balla, Tamas-Kristof"]
[Black "Vetokhina, Sofia"]
[Result "1-0"]
[ECO "E81"]
[WhiteElo "2283"]
[BlackElo "2020"]
[Annotator "NA RC"]
[PlyCount "87"]
[EventDate "2024.01.26"]
[EventType "tourn"]
[EventCountry "HUN"]
[SourceTitle "playchess.com"]
[Source "ChessBase"]
[SourceQuality "1"]
[TimeControl "5400+30"]

1. d4 Nf6 2. c4 g6 3. Nc3 Bg7 4. e4 d6 5. f3 $14 O-O 6. Be3 Nbd7 7. Nh3 e5 8. d5 a5 9. Qd2 Nc5 10. Nf2 Ne8 11. g4 f5 12. gxf5 gxf5 13. Rg1 f4 14. Bxc5 dxc5 15. O-O-O Ra6 16. Bh3 Bd7 17. Bxd7 Qxd7 18. Nd3 Qe7 19. Qf2 b6 20. Nb5 a4 21. Rg4 Kh8 22. Rdg1 Bf6 23. Qg2 Qf7 24. Qh3 Nd6 25. Nxd6 cxd6 26. Nf2 Raa8 27. Nd1 Rg8 28. Nc3 Rxg4 29. Qxg4 Qg7 30. Qxg7+ Bxg7 31. Nb5 Rd8 32. Kc2 Rd7 33. b3 axb3+ 34. axb3 Bf8 35. Kd3 Be7 36. Ra1 Kg7 37. Ra6 Kg6 38. Rxb6 Kh5 39. Ra6 Kh4 40. b4 Bf8 41. bxc5 dxc5 42. Re6 Bg7 43. d6 Bf8 44. Rxe5 1-0

[Event "SixDays Budapest IM-A January 2024"]
[Site "Budapest"]
[Date "2024.02.01"]
[Round "9.1"]
[White "Vetokhina, Sofia"]
[Black "Kuru, Atilla"]
[Result "0-1"]
[ECO "D10"]
[WhiteElo "2020"]
[BlackElo "2220"]
[Annotator "ChessBase"]
[PlyCount "106"]
[EventDate "2024.01.26"]
[EventType "tourn"]
[EventCountry "HUN"]
[SourceTitle "playchess.com"]
[Source "ChessBase"]
[SourceQuality "1"]
[TimeControl "5400+30"]

1. d4 d5 2. c4 c6 3. Nc3 dxc4 4. e3 b5 5. a4 b4 6. Ne4 Qd5 7. Nd2 c3 8. bxc3 bxc3 9. Nb1 Qa5 10. Qc2 e6 11. Nxc3 Na6 12. Bxa6 Bxa6 13. Bd2 Bb4 14. Ne4 Bxd2+ 15. Qxd2 Qd5 16. f3 Rd8 17. Rc1 Ne7 18. Nc5 Bc8 19. Ne2 e5 20. e4 Qd6 21. O-O O-O 22. Rfd1 f5 23. Qc2 fxe4 24. dxe5 Qxe5 25. Nxe4 Be6 26. Qc5 Bd5 27. N2c3 Ng6 28. Qd4 Qe7 29. Qc5 Qe5 30. Qd4 Qh5 31. Ng3 Qg5 32. Nce4 Qe7 33. Qc5 Qf7 34. a5 Nf4 35. Qe3 Qg6 36. Rd2 h5 37. h4 Rde8 38. Kh2 Qf7 39. Qc3 Qc7 40. Rxd5 Nxd5 41. Qxc6 Qxc6 42. Rxc6 Nf4 43. Rc5 Rc8 44. a6 Rxc5 45. Nxc5 Rc8 46. Nge4 Rc6 47. g4 Ne6 48. Nb3 Rxa6 49. gxh5 Ra3 50. Ned2 a5 51. Kg3 a4 52. Nc1 Rc3 53. Na2 Rc2 0-1

[Event "SixDays Budapest IM-A January 2024"]
[Site "Budapest"]
[Date "2024.02.01"]
[Round "9.2"]
[White "Polyik, Peter"]
[Black "Balla, Tamas-Kristof"]
[Result "1/2-1/2"]
[ECO "B41"]
[WhiteElo "2289"]
[BlackElo "2283"]
[Annotator "ChessBase"]
[PlyCount "20"]
[EventDate "2024.01.26"]
[EventType "tourn"]
[EventCountry "HUN"]
[SourceTitle "playchess.com"]
[Source "ChessBase"]
[SourceQuality "1"]
[TimeControl "5400+30"]

1. e4 c5 2. Nf3 e6 3. d4 cxd4 4. Nxd4 a6 5. c4 Nf6 6. Nc3 Qc7 7. a3 b6 8. Be3 Bb7 9. f3 d6 10. Qd2 Nbd7 1/2-1/2

[Event "SixDays Budapest IM-A January 2024"]
[Site "Budapest"]
[Date "2024.02.01"]
[Round "9.3"]
[White "Lim, Zhuo Ren"]
[Black "Orso, Miklos"]
[Result "1/2-1/2"]
[ECO "E15"]
[WhiteElo "2218"]
[BlackElo "2172"]
[Annotator "ChessBase"]
[PlyCount "33"]
[EventDate "2024.01.26"]
[EventType "tourn"]
[EventCountry "HUN"]
[SourceTitle "playchess.com"]
[Source "ChessBase"]
[SourceQuality "1"]
[TimeControl "5400+30"]

1. d4 Nf6 2. c4 e6 3. Nf3 b6 4. g3 Ba6 5. b3 d5 6. Bg2 dxc4 7. O-O cxb3 8. Ne5 Nd5 9. axb3 Bb7 10. Bb2 Nd7 11. Nxd7 Qxd7 12. Nd2 Be7 13. Qb1 O-O 14. Be4 g6 15. h4 Bf6 16. h5 a5 17. Nf3 1/2-1/2

[Event "SixDays Budapest IM-A January 2024"]
[Site "Budapest"]
[Date "2024.02.01"]
[Round "9.4"]
[White "Szalay-Ocsak, Bank"]
[Black "Cieslak, Patryk"]
[Result "1/2-1/2"]
[ECO "A06"]
[WhiteElo "2165"]
[BlackElo "2284"]
[Annotator "ChessBase"]
[PlyCount "50"]
[EventDate "2024.01.26"]
[EventType "tourn"]
[EventCountry "HUN"]
[SourceTitle "playchess.com"]
[Source "ChessBase"]
[SourceQuality "1"]
[TimeControl "5400+30"]

1. Nf3 d5 2. b3 Nf6 3. Bb2 e6 4. e3 Bd6 5. c4 O-O 6. Be2 b6 7. O-O Bb7 8. d3 Nbd7 9. Nbd2 c6 10. a3 e5 11. e4 dxe4 12. dxe4 Qe7 13. Qc2 a5 14. h3 Rfd8 15. Rfd1 Ne8 16. Nf1 g6 17. Ne3 f6 18. g3 Bc5 19. h4 Nf8 20. Rxd8 Rxd8 21. h5 Bc8 22. Kg2 Ng7 23. hxg6 hxg6 24. Nh4 g5 25. Nf3 Nfe6 1/2-1/2

[Event "SixDays Budapest IM-A January 2024"]
[Site "Budapest"]
[Date "2024.02.01"]
[Round "9.5"]
[White "Hacker, Jonas"]
[Black "Urhegyi, Marton"]
[Result "1/2-1/2"]
[ECO "B31"]
[WhiteElo "2420"]
[BlackElo "2255"]
[Annotator "ChessBase"]
[PlyCount "79"]
[EventDate "2024.01.26"]
[EventType "tourn"]
[EventCountry "HUN"]
[SourceTitle "playchess.com"]
[Source "ChessBase"]
[SourceQuality "1"]
[TimeControl "5400+30"]

1. e4 c5 2. Nf3 Nc6 3. Bb5 g6 4. O-O Bg7 5. c3 Nf6 6. Re1 O-O 7. d4 d5 8. e5 Ne4 9. Bxc6 bxc6 10. Be3 Qb6 11. Qc1 c4 12. Nbd2 Nxd2 13. Nxd2 Bf5 14. b3 Bd3 15. Qa3 e6 16. Bg5 Rfb8 17. h4 Bf8 18. Be7 Bh6 19. Qc1 Rb7 20. Bf6 cxb3 21. axb3 c5 22. Nc4 Bxc1 23. Nxb6 Rxb6 24. Rexc1 Rxb3 25. dxc5 Rb7 26. Ra5 h6 27. Rd1 Bc4 28. h5 Rc8 29. f3 Bb5 30. hxg6 fxg6 31. Be7 Rxe7 32. Rxb5 Rec7 33. Ra1 Rxc5 34. Rxc5 Rxc5 35. Ra6 Kf7 36. Rxa7+ Kf8 37. Ra8+ Kf7 38. Ra7+ Kf8 39. Ra3 h5 40. Ra8+ 1/2-1/2